 Dungeon Crawl Stone Soup version 0.23.2 (webtiles) character file.

Game seed: 2782165999948020577

647402 Kairos the Conqueror (level 27, 0/297 (300) HPs)
             Began as a Minotaur Fighter on Mar 31, 2019.
             Was a High Priest of Okawaru.
             Engulfed by an ushabti's foul pestilence (7 damage)
             ... on level 16 of a ziggurat.
             The game lasted 03:20:10 (44857 turns).

Kairos the Conqueror (Minotaur Fighter)            Turns: 44857, Time: 03:20:10

HP:   0/297 (300)   AC: 50    Str: 35    XL:     27
MP:   5/13          EV: 24    Int: 13    God:    Okawaru [*****.]
Gold: 4453          SH: 38    Dex: 21    Spells: 30/41 levels left

rFire    + + +     SeeInvis +   v - +9 broad axe (antimagic)
rCold    + + .     Gourm    .   R - +4 large shield of Potiaguh {MR+ Slay+3}
rNeg     + . .     Faith    .   b - +15 plate armour of the Stars {rF++}
rPois    .         Spirit   .   W - +3 hat of Pondering {ponderous, MR+ MP+10 Int+5}
rElec    +         Reflect  +   V - scarf {rC+ rF+}
rCorr    .         Harm     .   J - +2 pair of gloves of Ihunar {MR- Dex+5 Slay+5}
MR       +++..                  i - +2 pair of boots {run}
Stlth    ++........             c - +5 amulet of reflection
HPRegen  0.00/turn              K - ring "Kyimi" {rC+ rN+ SInv}
MPRegen  0.13/turn              s - ring "Cuipil" {rElec Str+2 Dex+4 Slay+3 Stlth+}

@: lethally poisoned (0 -> -141), silence, heroism, finesse, very slightly
contaminated, non-regenerating, badly diseased, hasted and slowed
A: retaliatory headbutt, horns 2, talons 2, yellow scales 1, agile 1, clever 1,
low mp 1, sense surroundings 1, robust 1, no potion heal 1
}: 3/15 runes: serpentine, barnacled, silver
a: Renounce Religion


You were on level 16 of a ziggurat.
You worshipped Okawaru.
Okawaru was extremely pleased with you.
You were not hungry.

You visited 10 branches of the dungeon, and saw 46 of its levels.
You visited the Abyss 3 times.
You visited 1 ziggurat, and saw 16 of its levels.
You also visited: Wizlab.

You collected 7439 gold pieces.
You spent 2986 gold pieces at shops.

Inventory:

Hand Weapons
 v - a +9 antimagic broad axe (weapon)
 C - a +3 broad axe of flaming
 D - a +7 demon whip of venom
 Y - the +10 broad axe "Demonslayer" {freeze, rN++ Int-4 Stlth+}
   (Okawaru gifted it to you on level 4 of the Abyss)

   It has been specially enchanted to freeze those struck by it, causing extra
   injury to most foes and up to half again as much damage against particularly
   susceptible opponents.
   It can also slow down cold-blooded creatures.
   It affects your intelligence (-4).
   It greatly protects you from negative energy.
   It makes you more stealthy.
 Z - the +9 demon trident of Gloom {vamp, rN+ Int+6}
   (You took it off a spriggan on level 2 of the Lair of Beasts)

   It inflicts no extra harm, but heals its wielder when it wounds a living foe.
   It affects your intelligence (+6).
   It protects you from negative energy.
Missiles
 w - 17 javelins of penetration (quivered)
 I - a throwing net
Armour
 b - the +15 plate armour of the Stars (worn) {rF++}
   (You found it on level 11 of a ziggurat)

   It greatly protects you from fire.
 i - a +2 pair of boots of running (worn)
 t - the +9 plate armour "Osotan" {+Inv rElec rPois Int-2}
   (Okawaru gifted it to you on level 13 of the Dungeon)

   It affects your intelligence (-2).
   It insulates you from electricity.
   It protects you from poison.
   It lets you turn invisible.
 F - the +10 chain mail of Okawaru's Hope {rN+ Regen+}
   (Okawaru gifted it to you on level 4 of the Shoals)

   It protects you from negative energy.
   It increases your rate of regeneration.
 J - the +2 pair of gloves of Ihunar (worn) {MR- Dex+5 Slay+5}
   (You found it on level 8 of the Dungeon)

   It affects your dexterity (+5).
   It affects your accuracy and damage with ranged weapons and melee attacks
   (+5).
   It affects your resistance to hostile enchantments.
 R - the +4 large shield of Potiaguh (worn) {MR+ Slay+3}
   (You took it off a daeva on level 5 of the Abyss)

   It affects your accuracy and damage with ranged weapons and melee attacks
   (+3).
   It affects your resistance to hostile enchantments.
 V - a scarf of resistance (worn)
 W - the +3 hat of Pondering (worn) {ponderous, MR+ MP+10 Int+5}
   (You took it off Gastronok on level 2 of the Lair of Beasts)

   It affects your intelligence (+5).
   It affects your resistance to hostile enchantments.
   It affects your magic capacity (+10).
Jewellery
 c - a +5 amulet of reflection (around neck)
 h - the ring of Contentment {rCorr rC++ Str-3 Int+7}
   (You found it on level 4 of a ziggurat)

   [ring of resist corrosion]

   It affects your strength (-3).
   It affects your intelligence (+7).
   It greatly protects you from cold.
 m - the ring of Xom's Wantonness {+Fly Dex+4 SInv}
   (You bought it in a shop on level 2 of the Shoals)

   [ring of flight]

   It affects your dexterity (+4).
   It lets you see invisible.
   It lets you fly.
 s - the ring "Cuipil" (right hand) {rElec Str+2 Dex+4 Slay+3 Stlth+}
   (You found it in a wizard's laboratory)

   [ring of stealth]

   It affects your strength (+2).
   It affects your dexterity (+4).
   It affects your accuracy and damage with ranged weapons and melee attacks
   (+3).
   It insulates you from electricity.
   It makes you more stealthy.
 K - the ring "Kyimi" (left hand) {rC+ rN+ SInv}
   (You found it on level 14 of a ziggurat)

   [ring of see invisible]

   It protects you from cold.
   It protects you from negative energy.
   It lets you see invisible.
Wands
 e - a wand of digging (8)
 o - a wand of acid (40)
 z - a wand of clouds (21)
 O - a wand of iceblast (17)
 U - a wand of paralysis (31)
Scrolls
 a - a scroll of summoning
 g - 13 scrolls of fear
 k - 30 scrolls of remove curse
 q - 4 scrolls of holy word
 A - 17 scrolls of fog
 H - 8 scrolls of blinking
 L - 3 scrolls of immolation
 M - 11 scrolls of magic mapping
 T - 20 scrolls of teleportation
Potions
 d - 13 potions of might
 j - 8 potions of lignification
 l - 20 potions of curing
 r - 10 potions of flight
 u - 8 potions of brilliance
 x - 4 potions of invisibility
 y - 2 potions of haste
 B - 4 potions of resistance
 E - 9 potions of agility
 G - 9 potions of heal wounds
 N - 6 potions of berserk rage
 Q - 6 potions of mutation
 S - 6 potions of ambrosia
 X - 2 potions of magic
Miscellaneous
 p - 4 phantom mirrors
Comestibles
 f - 47 rations


   Skills:
 O Level 27 Fighting
 - Level 17.3(23.0) Axes
 + Level 2.3(16.9) Maces & Flails
 - Level 8.7(19.1) Polearms
 + Level 7.1(12.1) Throwing
 + Level 24.0(27) Armour
 + Level 13.1(18.1) Dodging
 + Level 9.5(14.5) Stealth
 - Level 25.0(27) Shields
 * Level 7.7 Spellcasting
 * Level 4.3 Charms
 * Level 4.9 Summonings
 * Level 4.8 Necromancy
 - Level 0.9 Translocations
 + Level 12.7 Invocations
 + Level 5.3 Evocations


You had 30 spell levels left.
You knew the following spells:

 Your Spells              Type           Power        Failure   Level  Hunger
a - Apportation           Tloc           #.....       22%         1    None
b - Aura of Abjuration    Summ           ###.......   77%         5    #####..
c - Blink                 Tloc           N/A          34%         2    None
d - Regeneration          Chrm/Necr      ###.......   16%         3    ##.....

Your spell library contained the following spells:

 Spells                   Type           Power        Failure   Level  Hunger
 Animate Skeleton         Necr           N/A          4%          1    None
 Summon Butterflies       Summ           ###.....     4%          1    None
 Summon Small Mammal      Summ           ###.         4%          1    None
 Infusion                 Chrm           ###.         5%          1    None
 Call Imp                 Summ           ###.....     7%          2    None
 Corpse Rot               Necr           N/A          7%          2    None
 Sublimation of Blood     Necr           ###.......   7%          2    None
 Song of Slaying          Chrm           ###.....     9%          2    None
 Call Canine Familiar     Summ           ###.....     13%         3    ##.....
 Shroud of Golubria       Chrm/Tloc      ##........   17%         2    None
 Recall                   Summ/Tloc      N/A          30%         3    ##.....
 Beastly Appendage        Tmut           #.....       32%         1    None
 Confusing Touch          Hex            #.....       32%         1    None
 Corona                   Hex            #......      32%         1    None
 Flame Tongue             Conj/Fire      #....        32%         1    None
 Freeze                   Ice            #...         32%         1    None
 Magic Dart               Conj           #...         32%         1    None
 Sandblast                Erth           #.....       32%         1    None
 Sting                    Conj/Pois      #...         32%         1    None
 Summon Guardian Golem    Hex/Summ       ##......     34%         3    ##.....
 Ozocubu's Armour         Chrm/Ice       ##......     38%         3    ##.....
 Spectral Weapon          Hex/Chrm       ##......     38%         3    ##.....
 Animate Dead             Necr           N/A          41%         4    ####...
 Ensorcelled Hibernation  Hex/Ice        #.....       45%         2    None
 Poisonous Vapours        Pois/Air       #.....       45%         2    None
 Sticks to Snakes         Tmut           #.......     45%         2    None
 Throw Frost              Conj/Ice       #.....       45%         2    None
 Gell's Gravitas          Tloc           #.........   56%         3    ##.....
 Lesser Beckoning         Tloc           #.........   56%         3    ##.....
 Teleport Other           Tloc           #.......     56%         3    ##.....
 Portal Projectile        Hex/Tloc       #.....       63%         3    ##.....
 Confuse                  Hex            #.......     69%         3    ##.....
 Conjure Flame            Conj/Fire      #.......     69%         3    ##.....
 Dazzling Spray           Conj/Hex       #.....       69%         3    ##.....
 Ignite Poison            Fire/Tmut/Pois #.......     69%         3    ##.....
 Inner Flame              Hex/Fire       #.......     69%         3    ##.....
 Mephitic Cloud           Conj/Pois/Air  #.......     69%         3    ##.....
 Spider Form              Tmut/Pois      #.........   69%         3    ##.....
 Stone Arrow              Conj/Erth      #.....       69%         3    ##.....
 Tukima's Dance           Hex            #.......     69%         3    ##.....
 Summon Ice Beast         Ice/Summ       ##......     75%         4    ####...
 Summon Lightning Spire   Summ/Air       ##......     75%         4    ####...
 Dispel Undead            Necr           ###.....     77%         5    #####..
 Summon Demon             Summ           ###.......   77%         5    #####..
 Passage of Golubria      Tloc           N/A          92%         4    ####...
 Force Lance              Conj/Tloc      #.......     95%         4    ####...
 Summon Forest            Summ/Tloc      ##........   95%         5    #####..
 Ice Form                 Ice/Tmut       #.......     97%         4    ####...
 Iskenderun's Mystic Bla  Conj           #.......     97%         4    ####...
 Leda's Liquefaction      Hex/Erth       #.........   97%         4    ####...
 Olgreb's Toxic Radiance  Pois           #.......     97%         4    ####...
 Petrify                  Tmut/Erth      #.......     97%         4    ####...
 Throw Icicle             Conj/Ice       #.......     97%         4    ####...
 Summon Mana Viper        Hex/Summ       ##......     97%         5    #####..
 Iskenderun's Battlesphe  Conj/Chrm      ##......     98%         5    #####..
 Alistair's Intoxication  Tmut/Pois      #.......     100%        5    #####..
 Blade Hands              Tmut           #.........   100%        5    #####..
 Bolt of Magma            Conj/Fire/Erth #.........   100%        5    #####..
 Fireball                 Conj/Fire      #.........   100%        5    #####..
 Irradiate                Conj/Tmut      #.........   100%        5    #####..
 Metabolic Englaciation   Hex/Ice        #.........   100%        5    #####..
 Silence                  Hex/Air        #.........   100%        5    #####..
 Venom Bolt               Conj/Pois      #.........   100%        5    #####..
 Yara's Violent Unravell  Hex/Tmut       #.........   100%        5    #####..
 Bolt of Fire             Conj/Fire      #.........   100%        6    #######
 Conjure Ball Lightning   Conj/Air       #.........   100%        6    #######
 Deflect Missiles         Chrm/Air       ##........   100%        6    #######
 Dispersal                Tloc           #.........   100%        6    #######
 Hydra Form               Tmut           #.........   100%        6    #######
 Invisibility             Hex            #.......     100%        6    #######
 Iron Shot                Conj/Erth      #.........   100%        6    #######
 Poison Arrow             Conj/Pois      #.........   100%        6    #######
 Shadow Creatures         Summ           N/A          100%        6    #######
 Simulacrum               Ice/Necr       ##........   100%        6    #######
 Statue Form              Tmut/Erth      #........    100%        6    #######
 Dragon Form              Tmut           #.........   100%        7    #######
 Malign Gateway           Summ/Tloc      ##........   100%        7    #######
 Monstrous Menagerie      Summ           ###.......   100%        7    #######
 Orb of Destruction       Conj           #.........   100%        7    #######
 Ring of Flames           Chrm/Fire      ##........   100%        7    #######
 Spellforged Servitor     Conj/Summ      ##........   100%        7    #######
 Summon Greater Demon     Summ           ###.......   100%        7    #######
 Summon Hydra             Summ           ###.......   100%        7    #######
 Chain Lightning          Conj/Air       #.........   100%        8    #######
 Controlled Blink         Tloc           N/A          100%        8    #######
 Disjunction              Tloc           #.........   100%        8    #######
 Ignition                 Fire           #.........   100%        8    #######
 Lehudib's Crystal Spear  Conj/Erth      #.........   100%        8    #######
 Summon Horrible Things   Summ           ###.......   100%        8    #######
 Fire Storm               Conj/Fire      #.........   100%        9    #######
 Glaciate                 Conj/Ice       #.........   100%        9    #######
 Tornado                  Air            #.........   100%        9    #######


Dungeon Overview and Level Annotations

Branches:
Dungeon (15/15)            Temple (1/1) D:7            Lair (6/6) D:10
 Shoals (4/4) Lair:2        Snake (4/4) Lair:4        Slime (0/5) Lair:6
    Orc (2/2) D:9             Elf (3/3) Orc:2        Vaults (5/5) D:14
  Crypt (3/3) Vaults:2       Tomb (0/3) Crypt:3      Depths (3/5) D:15

Altars:
Ashenzari
Cheibriados
Dithmenos
Elyvilon
Fedhas
Gozag
Hepliaklqana
Kikubaaqudgha
Makhleb
Nemelex Xobeh
Okawaru
Qazlal
Ru
Sif Muna
Trog
Uskayaw
Vehumet
Wu Jian
Xom
Yredelemnul
Zin
The Shining One
Jiyva

Shops:
D:14 (   Orc:2 }%[   Shoals:1 [   Shoals:2 *   Shoals:4 !%?   Vaults:1 *
Vaults:3 [   Vaults:5 %

Portals:
Pandemonium: Orc:2 Depths:3

Annotations:
Lair:5 exclusion: 4 oklob plants
Depths:1 exclusion: obsidian statue


Innate Abilities, Weirdness & Mutations

You reflexively headbutt those who attack you in melee.
You have a pair of horns on your head.
You have razor-sharp toenails.
You are partially covered in yellow scales. (AC +2)
You are agile. (Dex +2)
Your mind is acute. (Int +2)
Your magical capacity is low. (-10% MP)
You passively map a small area around you.
You are robust. (+10% HP)
Potions are less effective at restoring your health.


Message History

You feel extremely nervous for a moment...
The world around you seems to dim momentarily.
You slice the guardian mummy!!
You destroy the guardian mummy!
Okawaru accepts your kill.
You feel extremely nervous for a moment...
Your bones ache.
You slash the greater mummy!
The greater mummy's magic leaks into the air.
You cut the mummy into ribbons!!!
You destroy the mummy!
Okawaru accepts your kill.
You are engulfed in dark miasma.
You are more poisoned.
You feel your flesh rotting away!
You feel as though you will be slow longer.
* * * LOW HITPOINT WARNING * * *
x2 You feel very sick.
You feel yourself speed up.
You are engulfed in dark miasma.
You are more poisoned.
You feel your flesh rotting away!
You feel as though you will be slow longer.
You die...

▓▓▓▓▓▓▓▓▓▓▓▓▓
▓▓...........▓▓
▓▓.............▓▓
▓...M.3M........▓▓
%.Z88MM@M2M......▓▓
?|M4MMMMM2........▓▓
=".M.ZMM.MZ........▓▓
}!MMM.MM.8.....§..∩.▓
∩
:!MZZMMM........§..▓▓
)=................▓▓
)................▓▓
▓...............▓▓
...........▓▓


You could see a greater mummy, 2 reapers, a mummy priest, a soul eater, a
hellwing, 5 guardian mummies, 3 ushabtiu, 18 mummies, a caustic shrike
simulacrum, a golden dragon zombie, a deep elf high priest skeleton, a deep elf
sorcerer skeleton and a tengu reaver skeleton.

Vanquished Creatures
  Khufu (Crypt:3)
  4 ancient liches
  An orb of fire (Zig:13)
  A greater mummy (Zig:16)
  Bai Suzhen (Depths:3)
  Boris (Vaults:4)
  2 shard shrikes
  2 golden dragons
  Nikola (Shoals:2)
  A profane servitor (Crypt:3)
  A Hellbinder (WizLab)
  Jory (Crypt:1)
  4 bone dragons
  Jorgrun (D:12)
  2 tentacled monstrosities (Vaults:5)
  An Ice Fiend (Zig:5)
  5 liches
  A hellephant (Zig:8)
  A Hell Sentinel (Abyss:3)
  Asterion (Elf:2)
  2 deep elf master archers
  3 titans (Vaults:5)
  4 deep elf blademasters
  An Executioner (Abyss:4)
  2 krakens
  Gastronok (Lair:2)
  6 sphinxes
  4 shadow dragons (Vaults:5)
  5 tentacled starspawn
  2 ancient champions
  Roxanne (D:15)
  Donald (Vaults:2)
  5 tengu reavers
  3 revenants
  2 daevas
  9 nagarajas
  Ilsuiw (Shoals:3)
  11 fire giants
  11 vault wardens
  An orc warlord (Vaults:5)
  10 frost giants
  5 balrugs
  12 deep elf sorcerers
  7 deep elf elementalists (Elf:3)
  2 ghost moths (Zig:15)
  3 emperor scorpions (Zig:15)
  Louise (D:15)
  2 ghouls
  A curse skull (Zig:12)
  A draconian shifter (Zig:2)
  11 very ugly things
  2 entropy weavers
  15 ironheart preservers
  15 stone giants
  The ghost of Riymurr the Phalangite, a journeyman MfMo of Hepliaklqana (Lair:5)
  9 deep elf demonologists
  4 vampire knights
  A black draconian (Zig:2)
  A blood saint (WizLab)
  Nessos (D:12)
  The ghost of Redear the Markscentaur, a journeyman CeAM of Okawaru (Lair:6)
  8 dire elephants
  10 deep elf annihilators
  Azrael (Snake:1)
  3 lorocyprocas
  A spark wasp (Depths:3)
  The ghost of Kairos the Cleaver, a journeyman MiFi of Okawaru (Lair:2)
  Snorg (Orc:2)
  9 merfolk javelineers
  8 eidola
  2 blizzard demons (WizLab)
  6 ettins
  5 mummy priests
  6 deep elf death magi
  22 jiangshi
  8 green deaths
  4 merfolk impalers
  Fannar (D:12)
  7 deep elf high priests
  14 yaktaur captains
  3 fire dragons
  A rakshasa (D:15)
  An ice dragon (shapeshifter) (Vaults:5)
  5 great orbs of eyes
  5 ice dragons
  10 hydras
  2 catoblepae
  15 naga warriors
  7 centaur warriors
  23 anacondas
  2 spriggan air magi
  An alligator snapping turtle (Shoals:4)
  26 vault guards
  6 merfolk avatars
  3 alligators
  11 death knights
  3 shambling mangroves (Zig:14)
  2 hell beasts (WizLab)
  5 satyrs
  7 death yaks
  34 two-headed ogres
  A death scarab (Zig:16)
  5 deep troll earth magi
  30 dancing weapons
  6 tengu warriors
  5 deep troll shamans (Depths:3)
  9 merfolk aquamancers
  2 spriggan berserkers
  14 ogre magi
  5 small abominations
  6 hell hogs
  12 naga sharpshooters
  5 vampire magi
  7 shock serpents
  Nergalle (Lair:2)
  4 soul eaters (WizLab)
  5 orc high priests (Orc:2)
  20 deep elf knights
  Sonja (D:13)
  5 fire crabs (Zig:13)
  A spectral death yak (Lair:6)
  A storm dragon skeleton (Crypt:2)
  A hell knight (Crypt:3)
  3 sixfirhies
  7 salamander mystics
  5 wretched stars
  20 sea snakes
  16 deep trolls
  A storm dragon zombie (Crypt:3)
  9 flayed ghosts
  21 skeletal warriors
  7 shadow wraiths
  A spriggan druid (Zig:14)
  A gelid demonspawn (Orc:2)
  A death drake (Zig:14)
  3 unseen horrors
  2 shadow demons (WizLab)
  Pikel (D:4)
  21 deep elf archers
  3 glowing orange brains
  A torturous demonspawn (Orc:2)
  4 wizards
  12 naga ritualists
  4 swamp dragons
  9 phantasmal warriors
  An infernal demonspawn (Orc:2)
  5 orange crystal statues
  An obsidian statue (Vaults:2)
  5 necromancers
  19 orc knights
  4 lindwurms (Snake:4)
  2 harpies (shapeshifter)
  17 ironbrand convokers
  A lindwurm (shapeshifter) (Depths:3)
  75 deep elf magi
  4 orb spiders
  A wolf spider (shapeshifter) (Elf:2)
  22 mana vipers
  47 harpies
  12 wolf spiders
  A wolf spider zombie (D:14)
  2 human zombies (Vaults:3)
  8 orc sorcerers
  43 ugly things
  9 cyclopes
  11 fauns
  A stone giant zombie (Vaults:1)
  An elephant (shapeshifter) (Elf:1)
  6 moths of wrath
  18 manticores
  13 salamanders
  A shining eye (shapeshifter) (Vaults:5)
  5 elephants
  Maurice (D:8)
  45 black mambas
  11 merfolk sirens
  A worldbinder (Abyss:5)
  4 centaur zombies
  13 water nymphs
  10 guardian serpents
  25 naga magi
  12 vault sentinels
  A titan simulacrum (Abyss:3)
  An eye of devastation (shapeshifter) (Vaults:5)
  A rust devil (WizLab)
  An apocalypse crab (Abyss:5)
  5 smoke demons
  2 orange demons (WizLab)
  Psyche (D:8)
  11 spiny frogs
  A shock serpent skeleton (Crypt:1)
  2 gargoyles
  2 torpor snails
  5 efreet
  An iron troll zombie (Crypt:2)
  A kobold demonologist (D:15)
  A yaktaur (shapeshifter) (Elf:1)
  39 yaktaurs
  5 hellwings
  2 rime drakes
  3 ancient zymes
  18 freezing wraiths
  3 ice devils
  17 guardian mummies
  4 tengu conjurers
  6 komodo dragons
  A minotaur skeleton (Crypt:1)
  A queen bee (D:9)
  5 trolls
  6 jumping spiders (Zig:15)
  7 wind drakes
  The ghost of Terandir the Shield-Bearer, an amateur MiFi of Cheibriados (D:4)
  6 red devils
  4 polar bears
  3 queen bees (shapeshifter)
  18 raiju
  A harpy skeleton (Crypt:3)
  14 hornets
  Prince Ribbit (D:8)
  22 merfolk
  A spectral swamp dragon (Crypt:3)
  3 silent spectres
  51 slime creatures
  10 blink frogs
  16 hippogriffs
  2 bog bodies (Zig:14)
  An alligator zombie (Crypt:2)
  3 dream sheep (Shoals:4)
  A dream sheep (shapeshifter) (Depths:3)
  A stone giant simulacrum (Vaults:1)
  Grinder (D:6)
  9 snapping turtles
  An ice dragon zombie (Crypt:2)
  50 flying skulls
  Sigmund (D:3)
  10 spriggans
  An air elemental (Zig:10)
  A spriggan (shapeshifter) (Vaults:4)
  3 ynoxinuls
  5 shadows
  11 starcursed masses (Abyss:3)
  5 wyverns
  10 large abominations
  5 redbacks
  4 tarantellas (Zig:15)
  34 yaks
  A fire bat (shapeshifter) (Vaults:3)
  17 water elementals
  6 wraiths
  A golden eye (shapeshifter) (Vaults:3)
  2 basilisks
  11 fire elementals
  A spectral fire crab (Lair:6)
  A neqoxec (Zig:6)
  16 vampire mosquitoes
  A hungry ghost (D:8)
  7 chaos spawn
  A yaktaur simulacrum (Vaults:3)
  5 insubstantial wisps
  A spatial vortex (Abyss:3)
  4 swamp worms (Snake:2)
  10 wargs
  4 acid dragons
  50 nagas
  14 hell hounds
  A water moccasin (shapeshifter) (Vaults:3)
  9 water moccasins
  15 porcupines
  An ogre skeleton (Vaults:1)
  4 sky beasts
  43 orc warriors
  2 swamp drakes
  4 ice beasts
  A black bear (shapeshifter) (Elf:3)
  A lindwurm zombie (Crypt:2)
  An eye of draining (D:15)
  An ice dragon simulacrum (Zig:3)
  4 black bears
  2 phantoms
  A black mamba simulacrum (Lair:6)
  6 necrophages
  An orc zombie (Vaults:1)
  6 wolves (Lair:5)
  23 centaurs
  An ettin simulacrum (Vaults:3)
  27 ogres
  14 boggarts
  An elf simulacrum (Vaults:1)
  13 crocodiles
  Blork the orc (D:5)
  A big kobold (shapeshifter) (Vaults:5)
  4 big kobolds
  22 bullfrogs
  A human skeleton (Vaults:3)
  2 spiny frog simulacra (Lair:6)
  7 earth elementals
  A wyvern zombie (Crypt:2)
  A shapeshifter zombie (Crypt:2)
  5 scorpions
  19 killer bees
  A troll skeleton (Crypt:1)
  17 wights
  A howler monkey (D:5)
  10 crimson imps
  A wolf skeleton (Crypt:2)
  6 bullfrog zombies
  9 hounds
  3 quasits
  24 orc priests
  4 centaur skeletons
  Crazy Yiuf (D:2)
  2 bullfrog skeletons
  2 jellies
  24 orc wizards
  An iron imp (Depths:3)
  12 worker ants
  3 iguanas
  A hell rat (Zig:8)
  A killer bee zombie (D:4)
  A felid zombie (Crypt:2)
  A deep dwarf skeleton (Crypt:1)
  4 human simulacra
  10 mummies (Zig:16)
  A worker ant zombie (D:9)
  10 adders
  A scorpion zombie (Crypt:1)
  3 shadow imps
  A white imp (Abyss:3)
  2 oozes (D:2)
  An adder zombie (D:9)
  2 adder skeletons
  2 worms
  3 leopard geckos
  120 orcs
  9 bats
  6 giant cockroaches
  6 hobgoblins
  21 jackals
  23 kobolds
  4 quokkas
  5 frilled lizards
  5 goblins
  A leopard gecko skeleton (D:4)
  A leopard gecko zombie (D:6)
  2 quokka skeletons (D:4)
  3 rats
  A crawling corpse (Elf:3)
  A fungus (D:10)
  8 plants
  2 starspawn tentacles (Abyss:3)
  7 tentacles
2509 creatures vanquished.

Vanquished Creatures (others)
  A deep elf master archer (Zig:7)
  Polyphemus (Shoals:2)
  A stone giant (Vaults:5)
  3 merfolk javelineers
  A green death (Zig:14)
  3 yaktaur captains
  4 centaur warriors
  3 satyrs
  A dancing weapon (Zig:10)
  3 naga sharpshooters
  A hell hog (Abyss:3)
  A deep elf knight (Elf:2)
  A deep elf archer (Vaults:3)
  A wizard (Vaults:2)
  An orc knight (Vaults:4)
  A deep elf mage (Elf:1)
  3 cyclopes
  9 yaktaurs
  A blink frog (Zig:14)
  8 centaurs
  An earth elemental (Zig:10)
  An orc wizard (D:10)
  4 orcs
  A kobold (D:13)
  3 fungi (Lair:6)
  15 plants
  9 starspawn tentacles
  8 tentacles
90 creatures vanquished.

Grand Total: 2599 creatures vanquished

Notes
Turn   | Place    | Note
-------+----------+-------------------------------------------
     0 | D:1      | Kairos the Minotaur Fighter began the quest for the Orb.
     0 | D:1      | Reached XP level 1. HP: 19/19 MP: 0/0
   130 | D:1      | Reached XP level 2. HP: 23/27 MP: 1/1
   459 | D:2      | Reached skill level 4 in Fighting
   459 | D:2      | Reached XP level 3. HP: 33/33 MP: 2/2
   496 | D:2      | Found a runed translucent door.
   497 | D:2      | Noticed Crazy Yiuf
   569 | D:2      | Noticed an ogre
   572 | D:2      | Killed an ogre
   572 | D:2      | Reached XP level 4. HP: 28/40 MP: 3/3
   948 | D:2      | Reached XP level 5. HP: 47/47 MP: 4/4
  1434 | D:2      | Killed Crazy Yiuf
  1666 | D:3      | Noticed a sky beast
  1668 | D:3      | Noticed Sigmund
  1686 | D:3      | Killed a sky beast
  1686 | D:3      | Reached skill level 5 in Axes
  1686 | D:3      | Reached skill level 1 in Dodging
  1686 | D:3      | Reached skill level 5 in Shields
  1686 | D:3      | Reached XP level 6. HP: 46/53 MP: 2/5
  1696 | D:3      | Killed Sigmund
  2230 | D:4      | Found a runed translucent gate.
  2319 | D:4      | Noticed a slave
  2319 | D:4      | Noticed Pikel
  2319 | D:4      | Noticed a slave
  2319 | D:4      | Noticed a slave
  2322 | D:4      | Noticed a slave
  2365 | D:4      | Killed Pikel
  2365 | D:4      | Reached skill level 5 in Fighting
  2365 | D:4      | Reached skill level 5 in Armour
  2365 | D:4      | Reached skill level 1 in Stealth
  2365 | D:4      | Reached skill level 1 in Evocations
  2365 | D:4      | Reached XP level 7. HP: 40/61 MP: 6/6
  2455 | D:4      | Reached XP level 8. HP: 63/68 MP: 7/7
  2574 | D:4      | Found a runed translucent gate.
  2574 | D:4      | Found a runed translucent gate.
  2576 | D:4      | Noticed Terandir's ghost (amateur MiFi)
  3026 | D:4      | Killed Terandir's ghost
  3043 | D:5      | Entered Level 5 of the Dungeon
  3132 | D:5      | Reached skill level 6 in Fighting
  3249 | D:5      | Noticed Blork the orc
  3270 | D:5      | Killed Blork the orc
  3270 | D:5      | Reached XP level 9. HP: 75/75 MP: 8/8
  4099 | D:6      | Noticed Grinder
  4118 | D:6      | Paralysed by Grinder for 2 turns
  4346 | D:6      | Found a shattered altar of Ashenzari.
  4481 | D:6      | Got a slimy leather armour
  4482 | D:6      | Identified the +4 leather armour of Shielding {-Tele Str+2
                  | Int+4} (You found it on level 6 of the Dungeon)
  4558 | D:6      | Paralysed by Grinder for 4 turns
  4574 | D:6      | Paralysed by Grinder for 7 turns
  4581 | D:6      | Killed Grinder
  4581 | D:6      | Reached skill level 10 in Axes
  4967 | D:7      | Found a staircase to the Ecumenical Temple.
  5021 | Temple   | Entered the Ecumenical Temple
  5057 | Temple   | Became a worshipper of Warmaster Okawaru
  5518 | D:8      | Reached skill level 7 in Fighting
  5518 | D:8      | Reached XP level 10. HP: 86/86 MP: 10/10
  5531 | D:8      | Noticed Maurice
  5579 | D:8      | Killed Maurice
  5722 | D:8      | Noticed Prince Ribbit
  5738 | D:8      | Killed Prince Ribbit
  5761 | D:8      | Reached * piety under Okawaru
  5920 | D:8      | Got a pair of faintly glowing gloves
  5931 | D:8      | Identified the +2 pair of gloves of Ihunar {MR- Dex+5
                  | Slay+5} (You found it on level 8 of the Dungeon)
  5969 | D:8      | Noticed Psyche
  5974 | D:8      | Killed Psyche
  6597 | D:9      | Reached skill level 10 in Shields
  6607 | D:9      | Found a white marble altar of Elyvilon.
  6792 | D:9      | Found a staircase to the Orcish Mines.
  6952 | D:9      | Reached ** piety under Okawaru
  6986 | D:9      | Reached skill level 8 in Fighting
  7500 | D:10     | Entered Level 10 of the Dungeon
  7540 | D:10     | Reached *** piety under Okawaru
  7643 | D:10     | Reached XP level 11. HP: 94/94 MP: 11/11
  8174 | D:10     | Found a staircase to the Lair.
  8238 | Lair:1   | Entered Level 1 of the Lair of Beasts
  8263 | Lair:1   | Reached **** piety under Okawaru
  8436 | Lair:1   | Reached skill level 9 in Fighting
  8721 | Lair:1   | Reached skill level 10 in Armour
  8865 | Lair:1   | Found a sacrificial altar of Ru.
  9150 | Lair:2   | Noticed Gastronok
  9164 | Lair:2   | Killed Gastronok
  9164 | Lair:2   | Reached ***** piety under Okawaru
  9164 | Lair:2   | Reached skill level 1 in Invocations
  9167 | Lair:2   | Reached skill level 1 in Throwing
  9304 | Lair:2   | Noticed Nergalle
  9307 | Lair:2   | Received a gift from Okawaru
  9320 | Lair:2   | Killed Nergalle
  9341 | Lair:2   | Reached XP level 12. HP: 86/105 MP: 12/12
  9388 | Lair:2   | Found a transporter.
  9395 | Lair:2   | Found a bloodstained altar of Trog.
  9395 | Lair:2   | Noticed Kairos's ghost (journeyman MiFi)
  9580 | Lair:2   | Found a transporter.
  9581 | Lair:2   | Identified the +9 demon trident of Gloom {vamp, rN+ Int+6}
  9676 | Lair:2   | Found a staircase to the Shoals.
  9947 | Lair:2   | Killed Kairos's ghost
 10001 | Lair:2   | Reached skill level 10 in Fighting
 10274 | Lair:3   | Reached ****** piety under Okawaru
 10291 | Lair:3   | Received a gift from Okawaru
 10291 | Lair:3   | Reached skill level 1 in Polearms
 10491 | Lair:3   | Found an iron altar of Okawaru.
 10756 | Lair:4   | Found a staircase to the Snake Pit.
 10940 | Lair:4   | Noticed a death yak
 10941 | Lair:4   | Noticed a death yak
 10942 | Lair:4   | Noticed a death yak
 10950 | Lair:4   | Killed a death yak
 10950 | Lair:4   | Received a gift from Okawaru
 10950 | Lair:4   | Reached XP level 13. HP: 103/115 MP: 10/13
 10952 | Lair:4   | Reached skill level 5 in Polearms
 11685 | Lair:5   | Reached skill level 11 in Fighting
 11687 | Lair:5   | Reached skill level 5 in Dodging
 11770 | Lair:5   | Reached skill level 15 in Axes
 11860 | Lair:5   | Found a transporter.
 11866 | Lair:5   | Noticed Riymurr's ghost (journeyman MfMo)
 12083 | Lair:5   | Found a transporter.
 12193 | Lair:5   | Killed Riymurr's ghost
 12218 | Lair:5   | Got a distressingly furry cloak
 12229 | Lair:5   | Identified the +1 cloak of Naukhlek {rPois rC+ Stlth+} (You
                  | found it on level 5 of the Lair of Beasts)
 12517 | Lair:6   | Entered Level 6 of the Lair of Beasts
 12802 | Lair:6   | Found a viscous altar of Jiyva.
 12802 | Lair:6   | Found a staircase to the Slime Pits.
 13281 | Lair:6   | Found a runed translucent gate.
 13283 | Lair:6   | Found a runed translucent gate.
 13284 | Lair:6   | Found the +9 staff of Wucad Mu {channel}
 13284 | Lair:6   | Found a runed translucent gate.
 13284 | Lair:6   | Noticed Redear's ghost (journeyman CeAM)
 13652 | Lair:6   | Killed Redear's ghost
 13857 | Lair:6   | Received a gift from Okawaru
 13864 | Lair:6   | Got a pair of steaming gloves {god gift}
 13874 | Lair:6   | Noticed a dire elephant
 13875 | Lair:6   | Identified the +0 pair of gloves of Repulsion {*Slow Int+5}
                  | (Okawaru gifted it to you on level 6 of the Lair of Beasts)
 13901 | Lair:6   | Killed a dire elephant
 13903 | Lair:6   | Noticed a dire elephant
 14179 | Lair:6   | Killed a dire elephant
 14188 | Lair:6   | Noticed a dire elephant
 14188 | Lair:6   | Noticed a dire elephant
 14196 | Lair:6   | Killed a dire elephant
 14200 | Lair:6   | Killed a dire elephant
 14200 | Lair:6   | Reached skill level 12 in Fighting
 14216 | Lair:6   | Got a heavily runed chain mail
 14227 | Lair:6   | Identified the +5 chain mail "Tieps" {rPois Str-4 Int+5}
                  | (You found it on level 6 of the Lair of Beasts)
 14375 | Shoals:1 | Entered Level 1 of the Shoals
 14378 | Shoals:1 | Reached XP level 14. HP: 123/126 MP: 15/15
 14425 | Shoals:1 | Found Reineiby's Armour Emporium.
 14648 | Shoals:1 | HP: 3/127 [wind drake/the air (24)]
 14656 | Shoals:1 | Received a gift from Okawaru
 15088 | Shoals:1 | Reached skill level 15 in Shields
 15283 | Shoals:1 | Noticed a kraken
 15297 | Shoals:1 | Killed a kraken
 15353 | Shoals:1 | Reached skill level 13 in Fighting
 15370 | Shoals:1 | Got a smoking flail
 15371 | Shoals:1 | Identified the +1 flail of Bemolacw {freeze, *Contam *Rage
                  | +Inv Int+8} (You found it on level 1 of the Shoals)
 15480 | Shoals:2 | Reached skill level 1 in Spellcasting
 15519 | Shoals:2 | Received a gift from Okawaru
 15544 | Shoals:2 | Got a translucent ring mail {god gift}
 15555 | Shoals:2 | Identified the +1 ring mail of Akluake {rF+ MP+9} (Okawaru
                  | gifted it to you on level 2 of the Shoals)
 15700 | Shoals:2 | Noticed Nikola
 16004 | Shoals:2 | Noticed Polyphemus
 16018 | Shoals:2 | Killed Polyphemus
 16018 | Shoals:2 | Reached XP level 15. HP: 78/135 MP: 16/16
 16263 | Shoals:2 | Killed Nikola
 16523 | Shoals:2 | Found Gaamer's Island Escapes.
 16854 | Shoals:2 | Bought the ring of Xom's Wantonness {+Fly Dex+4 SInv} for
                  | 704 gold pieces
 16854 | Shoals:2 | Bought a scroll of blinking for 142 gold pieces
 17069 | Shoals:3 | Noticed Ilsuiw
 17094 | Shoals:3 | Killed Ilsuiw
 17094 | Shoals:3 | Received a gift from Okawaru
 17518 | Shoals:4 | Entered Level 4 of the Shoals
 17702 | Shoals:4 | Reached skill level 14 in Fighting
 17782 | Shoals:4 | Received a gift from Okawaru
 17808 | Shoals:4 | Found Kaorch's Distillery.
 17879 | Shoals:4 | Reached XP level 16. HP: 146/146 MP: 21/21
 18191 | Shoals:4 | Found Zitott's Food Emporium.
 18255 | Shoals:4 | Found Cuaprik's Magic Scroll Boutique.
 18271 | Shoals:4 | Bought a scroll of identify for 30 gold pieces
 18271 | Shoals:4 | Bought a scroll of identify for 30 gold pieces
 18271 | Shoals:4 | Bought a scroll of identify for 30 gold pieces
 18273 | Shoals:4 | Identified a scroll of acquirement
 18378 | Shoals:4 | Got a heavily runed marble ring
 18380 | Shoals:4 | Identified the ring "Noabaeze" {Fire Int+8 Dex-4} (You
                  | found it on level 4 of the Shoals)
 18543 | Shoals:4 | Noticed a kraken
 18564 | Shoals:4 | Killed a kraken
 18564 | Shoals:4 | Received a gift from Okawaru
 18568 | Shoals:4 | Got an amethyst-studded chain mail {god gift}
 18578 | Shoals:4 | Reached skill level 15 in Fighting
 18584 | Shoals:4 | Identified the +10 chain mail of Okawaru's Hope {rN+
                  | Regen+} (Okawaru gifted it to you on level 4 of the Shoals)
 18599 | Shoals:4 | Got a barnacled rune of Zot
 18707 | Shoals:4 | Reached skill level 5 in Spellcasting
 18843 | Shoals:4 | Bought a scroll of amnesia for 52 gold pieces
 18843 | Shoals:4 | Bought a scroll of identify for 30 gold pieces
 18844 | Shoals:4 | Bought a scroll of torment for 112 gold pieces
 18870 | Shoals:4 | Bought a potion of magic for 136 gold pieces
 18870 | Shoals:4 | Bought a potion of agility for 68 gold pieces
 18870 | Shoals:4 | Bought a potion of curing for 51 gold pieces
 18870 | Shoals:4 | Bought a potion of curing for 51 gold pieces
 19005 | Snake:1  | Entered Level 1 of the Snake Pit
 19061 | Snake:1  | Noticed Azrael
 19071 | Snake:1  | Killed Azrael
 20216 | Snake:2  | Reached XP level 17. HP: 155/156 MP: 7/24
 20361 | Snake:2  | Found an iron altar of Okawaru.
 20385 | Snake:2  | Received a gift from Okawaru
 20751 | Snake:2  | Learned a level 1 spell: Apportation
 21108 | Snake:3  | Received a gift from Okawaru
 21136 | Snake:3  | Identified the +1 cloak of Imperfection {rN+} (Okawaru
                  | gifted it to you on level 3 of the Snake Pit)
 21259 | Snake:3  | Reached skill level 16 in Fighting
 21803 | Snake:4  | Entered Level 4 of the Snake Pit
 22007 | Snake:4  | Received a gift from Okawaru
 22020 | Snake:4  | Identified the +7 hand axe of Dried Tears {flame, rC-
                  | Int+4} (Okawaru gifted it to you on level 4 of the Snake
                  | Pit)
 22628 | Snake:4  | Received a gift from Okawaru
 22628 | Snake:4  | Reached skill level 17 in Fighting
 22647 | Snake:4  | Reached XP level 18. HP: 162/169 MP: 25/25
 22886 | Snake:4  | Received a gift from Okawaru
 23087 | Snake:4  | Received a gift from Okawaru
 23128 | Snake:4  | Got a serpentine rune of Zot
 23621 | Orc:1    | Entered Level 1 of the Orcish Mines
 23925 | Orc:2    | Entered Level 2 of the Orcish Mines
 24134 | Orc:2    | Found a staircase to the Elven Halls.
 24185 | Orc:2    | Found Otozeink's Food Shop.
 24187 | Orc:2    | Found Juub's Magic Scroll Boutique.
 24209 | Orc:2    | Noticed Snorg
 24226 | Orc:2    | Killed Snorg
 24355 | Orc:2    | Found a burning altar of Makhleb.
 24484 | Orc:2    | Found Qaunull's Antique Armour Shoppe.
 24484 | Orc:2    | Found Xext's Gadget Emporium.
 24484 | Orc:2    | Found a one-way gate leading to the halls of Pandemonium.
 24492 | Orc:2    | Bought a pair of embroidered boots for 285 gold pieces
 24508 | Orc:2    | Identified a +1 pair of boots of running (You bought it in
                  | a shop on level 2 of the Orcish Mines)
 24610 | Elf:1    | Entered Level 1 of the Elven Halls
 24956 | Elf:1    | Reached skill level 18 in Fighting
 25084 | Elf:1    | Reached XP level 19. HP: 179/179 MP: 22/26
 25242 | Elf:1    | Identified Sustac's Guide on Attacks
 25391 | Elf:1    | Reached skill level 5 in Invocations
 25575 | Elf:2    | Reached skill level 15 in Armour
 25587 | Elf:2    | Received a gift from Okawaru
 25622 | Elf:2    | Noticed Asterion
 25641 | Elf:2    | Killed Asterion
 25896 | Elf:2    | Found a runed translucent gate.
 25896 | Elf:2    | Found a runed translucent gate.
 25897 | Elf:2    | Found a runed translucent gate.
 26166 | Elf:2    | Found a deep blue altar of Sif Muna.
 26300 | Elf:2    | Reached skill level 19 in Fighting
 26452 | Elf:3    | Entered Level 3 of the Elven Halls
 26481 | Elf:3    | Identified the +4 hunting sling of Wesmou Vuazi {freeze,
                  | rPois Dex+2} (You found it on level 3 of the Elven Halls)
 26738 | Elf:3    | Identified Diemedwo's Volume of Ignition and Evil Secrets
 26743 | Elf:3    | Identified the +0 cloak "Neppue" {rF+} (You found it on
                  | level 3 of the Elven Halls)
 26968 | Elf:3    | Received a gift from Okawaru
 27318 | Elf:3    | Reached skill level 5 in Throwing
 27459 | Elf:3    | Identified the cursed +0 cloak "Uvaoladd" {MR+} (You found
                  | it on level 3 of the Elven Halls)
 27530 | Elf:3    | Identified the cursed +1 scale mail of Wuasyul {*Corrode
                  | +Fly rPois rC++}
 27547 | Elf:3    | Received a gift from Okawaru
 27587 | Elf:3    | Reached skill level 20 in Fighting
 27587 | Elf:3    | Reached XP level 20. HP: 148/193 MP: 27/27
 27654 | Elf:3    | Cast into level 2 of the Abyss (a deep elf demonologist)
 28048 | Abyss:4  | Received a gift from Okawaru
 28070 | Abyss:4  | Identified the +10 broad axe "Demonslayer" {freeze, rN++
                  | Int-4 Stlth+} (Okawaru gifted it to you on level 4 of the
                  | Abyss)
 28088 | Elf:3    | Escaped the Abyss
 28222 | Elf:3    | Identified the Handbook of Summoning and Protection
 28277 | Elf:3    | Identified the cursed +0 plate armour of Crawling {Str+4}
                  | (You found it on level 3 of the Elven Halls)
 28375 | Elf:3    | Gained mutation: You are frail. (-10% HP) [potion of
                  | mutation]
 28375 | Elf:3    | Gained mutation: You are resistant to electric shocks.
                  | (rElec) [potion of mutation]
 28375 | Elf:3    | Gained mutation: You are partially covered in yellow
                  | scales. (AC +2) [potion of mutation]
 28376 | Elf:3    | Lost mutation: You are frail. (-10% HP) [potion of
                  | mutation]
 28376 | Elf:3    | Gained mutation: You passively map a small area around you.
                  | [potion of mutation]
 28376 | Elf:3    | Gained mutation: Your muscles are strong. (Str +2) [potion
                  | of mutation]
 28376 | Elf:3    | Gained mutation: You are frail. (-10% HP) [potion of
                  | mutation]
 28376 | Elf:3    | Gained mutation: You are agile. (Dex +2) [potion of
                  | mutation]
 28377 | Elf:3    | Lost mutation: You are agile. (Dex +2) [potion of mutation]
 28377 | Elf:3    | Lost mutation: You are frail. (-10% HP) [potion of
                  | mutation]
 28377 | Elf:3    | Gained mutation: You are agile. (Dex +2) [potion of
                  | mutation]
 28377 | Elf:3    | Gained mutation: Your mind is acute. (Int +2) [potion of
                  | mutation]
 28377 | Elf:3    | Gained mutation: Scrolls take you a little longer to read.
                  | [potion of mutation]
 28377 | Elf:3    | Gained mutation: You are resistant to hostile enchantments.
                  | (MR+) [potion of mutation]
 28378 | Elf:3    | Lost mutation: You are resistant to electric shocks.
                  | (rElec) [potion of mutation]
 28378 | Elf:3    | Lost mutation: You are resistant to hostile enchantments.
                  | (MR+) [potion of mutation]
 28378 | Elf:3    | Lost mutation: Scrolls take you a little longer to read.
                  | [potion of mutation]
 28378 | Elf:3    | Lost mutation: Your muscles are strong. (Str +2) [potion of
                  | mutation]
 28378 | Elf:3    | Gained mutation: You evolve. [potion of mutation]
 28378 | Elf:3    | Gained mutation: You tend to lose your temper in combat.
                  | [potion of mutation]
 28378 | Elf:3    | Gained mutation: You are robust. (+10% HP) [potion of
                  | mutation]
 28378 | Elf:3    | Gained mutation: You have sharp toenails. [potion of
                  | mutation]
 28421 | Elf:3    | Identified the amulet "Zafen" {+Rage Str+2} (You acquired
                  | it on level 3 of the Elven Halls)
 28638 | Orc:2    | Bought a scroll of brand weapon for 360 gold pieces
 28638 | Orc:2    | Bought a scroll of fog for 36 gold pieces
 28638 | Orc:2    | Bought a scroll of teleportation for 54 gold pieces
 28638 | Orc:2    | Bought a scroll of summoning for 171 gold pieces
 28638 | Orc:2    | Bought a scroll of teleportation for 54 gold pieces
 28638 | Orc:2    | Bought a scroll of identify for 36 gold pieces
 28638 | Orc:2    | Bought a scroll of holy word for 135 gold pieces
 28638 | Orc:2    | Bought a scroll of teleportation for 54 gold pieces
 28638 | Orc:2    | Bought a scroll of enchant armour for 135 gold pieces
 28638 | Orc:2    | Bought a scroll of magic mapping for 63 gold pieces
 28638 | Orc:2    | Bought a scroll of blinking for 135 gold pieces
 29442 | D:12     | Noticed Nessos
 29447 | D:12     | Killed Nessos
 29571 | D:12     | Noticed Jorgrun
 29594 | D:12     | Killed Jorgrun
 29657 | D:12     | Noticed Fannar
 29672 | D:12     | Killed Fannar
 30065 | D:13     | Noticed Sonja
 30068 | D:13     | Killed Sonja
 30112 | D:13     | Identified the +2 chain mail of Happy Babbling {rN+} (You
                  | found it on level 13 of the Dungeon)
 30278 | D:13     | Received a gift from Okawaru
 30278 | D:13     | Reached skill level 21 in Fighting
 30284 | D:13     | Got a bloodstained plate armour {god gift}
 30295 | D:13     | Identified the +9 plate armour "Osotan" {+Inv rElec rPois
                  | Int-2} (Okawaru gifted it to you on level 13 of the
                  | Dungeon)
 30804 | D:14     | Lost mutation: You tend to lose your temper in combat.
                  | [evolution]
 30842 | D:14     | Found Xecisyog's Weapon Shoppe.
 30913 | D:14     | Found a gate to the Vaults.
 31238 | Vaults:1 | Entered Level 1 of the Vaults
 31581 | Vaults:1 | Paralysed by an orc sorcerer for 4 turns
 31592 | Vaults:1 | Gained mutation: Potions are less effective at restoring
                  | your health. [a neqoxec]
 32108 | Vaults:1 | Found Dylluux's General Store.
 32128 | Vaults:1 | Bought a scroll of identify for 32 gold pieces
 32185 | Vaults:1 | Received a gift from Okawaru
 32188 | Vaults:1 | Reached XP level 21. HP: 226/226 MP: 28/28
 32211 | Vaults:1 | Identified the +1 pair of gloves of the Castellan {rElec
                  | Str+3 Dex-3} (Okawaru gifted it to you on level 1 of the
                  | Vaults)
 32767 | Vaults:2 | Reached skill level 22 in Fighting
 32795 | Vaults:2 | Found a staircase to the Crypt.
 32795 | Vaults:2 | Found an ancient bone altar of Kikubaaqudgha.
 32796 | Vaults:2 | Found a basalt altar of Yredelemnul.
 32847 | Vaults:2 | Found a magical portal.
 32870 | WizLab   | Entered The Hall of the Hellbinder
 33058 | WizLab   | Identified the Incunabulum of Creation
 33066 | WizLab   | Learned a level 5 spell: Aura of Abjuration
 33115 | WizLab   | Noticed Mink
 33119 | WizLab   | Found a burning altar of Makhleb.
 33138 | WizLab   | Killed Mink the Hellbinder
 33183 | WizLab   | Got a faintly glowing pewter ring
 33190 | WizLab   | Identified the Grimoire of Summoning
 33227 | WizLab   | Identified the ring "Cuipil" {rElec Str+2 Dex+4 Slay+3
                  | Stlth+} (You found it in a wizard's laboratory)
 33787 | Vaults:2 | Noticed Donald
 33807 | Vaults:2 | Killed Donald
 33807 | Vaults:2 | Received a gift from Okawaru
 34221 | Vaults:2 | Identified the cursed +1 scale mail of the Loofah {rPois
                  | rC++} (You found it on level 2 of the Vaults)
 34268 | Vaults:3 | Found Vumyts's Antique Armour Boutique.
 34358 | Vaults:3 | Received a gift from Okawaru
 34362 | Vaults:3 | Reached skill level 23 in Fighting
 34394 | Vaults:3 | Received a gift from Okawaru
 34411 | Vaults:3 | Paralysed by a hornet for 2 turns
 34416 | Vaults:3 | Identified the +11 hand axe "Raucak" {protect, +Rage rN++
                  | Int-5} (Okawaru gifted it to you on level 3 of the Vaults)
 34423 | Vaults:3 | Gained mutation: You have razor-sharp toenails. [evolution]
 34423 | Vaults:3 | Lost mutation: You evolve. [end of evolution]
 34682 | Vaults:3 | Cast into level 2 of the Abyss (a deep elf demonologist)
 34682 | Abyss:2  | Found a corrupted altar of Lugonu.
 34790 | Abyss:3  | Received a gift from Okawaru
 34878 | Abyss:3  | Received a gift from Okawaru
 34878 | Abyss:3  | Reached XP level 22. HP: 203/242 MP: 29/29
 34979 | Abyss:3  | Paralysed by accursed screaming for 1 turns
 34987 | Abyss:3  | Paralysed by accursed screaming for 1 turns
 35003 | Vaults:3 | Escaped the Abyss
 35437 | Vaults:4 | Received a gift from Okawaru
 35580 | Vaults:4 | Reached skill level 24 in Fighting
 35909 | Vaults:4 | Noticed Boris
 35921 | Vaults:4 | Killed Boris
 36009 | Vaults:4 | Received a gift from Okawaru
 36500 | Vaults:5 | Entered Level 5 of the Vaults
 36531 | Vaults:5 | Reached XP level 23. HP: 247/255 MP: 30/30
 36545 | Vaults:5 | Reached skill level 25 in Fighting
 36616 | Vaults:5 | Identified the +8 mace of Nightmares {crush, Int+2}
 36616 | Vaults:5 | Identified the amulet of Uneet {+Rage rElec rPois MR-
                  | Dex+3}
 36635 | Vaults:5 | Noticed an ancient lich
 36637 | Vaults:5 | Received a gift from Okawaru
 36645 | Vaults:5 | Paralysed by an ancient lich for 7 turns
 36658 | Vaults:5 | Killed an ancient lich
 36688 | Vaults:5 | Noticed an ancient lich
 36723 | Vaults:5 | Cast into level 5 of the Abyss (an ancient lich)
 36723 | Abyss:5  | Entered Level 5 of the Abyss
 36723 | Abyss:5  | Entered Level 5 of the Abyss
 36723 | Abyss:5  | Entered Level 5 of the Abyss
 36724 | Abyss:5  | Found a corrupted altar of Lugonu.
 36752 | Abyss:5  | Found a corrupted altar of Lugonu.
 36820 | Abyss:5  | Identified the +4 large shield of Potiaguh {MR+ Slay+3}
 36821 | Abyss:5  | Noticed an ancient lich
 36847 | Abyss:5  | Killed an ancient lich
 36865 | Abyss:5  | Reached skill level 26 in Fighting
 36974 | Vaults:5 | Escaped the Abyss
 36983 | Vaults:5 | Killed an ancient lich
 36983 | Vaults:5 | Reached skill level 10 in Dodging
 36996 | Vaults:5 | Received a gift from Okawaru
 37043 | Vaults:5 | Identified the +2 chain mail of the Pit {*Drain MP+9 SInv}
                  | (You found it on level 5 of the Vaults)
 37052 | Vaults:5 | Found Heivoyzy's Food Boutique.
 37062 | Vaults:5 | Identified the +7 plate armour of Fafih {rF++ Dex+2} (You
                  | found it on level 5 of the Vaults)
 37174 | Vaults:5 | Identified the +7 war axe of the Two Names {protect, rElec
                  | rPois rF- MR++}
 37307 | Vaults:5 | Reached skill level 5 in Stealth
 37465 | Vaults:5 | Identified Sif Muna's Handbook of Shifting Unholy Magic
 37637 | Vaults:5 | Received a gift from Okawaru
 37648 | Vaults:5 | Reached skill level 27 in Fighting
 37652 | Vaults:5 | Reached XP level 24. HP: 235/272 MP: 30/30
 37655 | Vaults:5 | Got a silver rune of Zot
 37718 | Vaults:5 | Reached skill level 10 in Invocations
 38216 | Crypt:1  | Entered Level 1 of the Crypt
 38365 | Crypt:1  | Noticed Jory
 38373 | Crypt:1  | Killed Jory
 39401 | Crypt:3  | Entered Level 3 of the Crypt
 39517 | Crypt:3  | Found an ancient bone altar of Kikubaaqudgha.
 39618 | Crypt:3  | Received a gift from Okawaru
 39622 | Crypt:3  | Identified the +6 war axe "Pawyos" {freeze, rPois rN+ MR+
                  | Stlth+} (Okawaru gifted it to you on level 3 of the Crypt)
 40184 | Crypt:3  | Received a gift from Okawaru
 40274 | Crypt:3  | Identified the +7 hand axe "Hiroy" {chop, rC+}
 40274 | Crypt:3  | Noticed Khufu
 40289 | Crypt:3  | Killed Khufu
 40290 | Crypt:3  | Found a staircase to the Tomb.
 40570 | D:15     | Entered Level 15 of the Dungeon
 40581 | D:15     | Found an ancient bone altar of Kikubaaqudgha.
 40800 | D:15     | Received a gift from Okawaru
 40800 | D:15     | Reached XP level 25. HP: 282/282 MP: 30/30
 40897 | D:15     | Found a staircase to the Depths.
 41007 | D:15     | Noticed Louise
 41015 | D:15     | Killed Louise
 41022 | D:15     | Learned a level 2 spell: Blink
 41260 | D:15     | Noticed Roxanne
 41273 | D:15     | Killed Roxanne
 41273 | D:15     | Received a gift from Okawaru
 41414 | Depths:1 | Entered Level 1 of the Depths
 41790 | Depths:3 | Found an ornate altar of the Wu Jian Council.
 41794 | Depths:3 | Found a snail-covered altar of Cheibriados.
 41795 | Depths:3 | Found a basalt altar of Yredelemnul.
 41795 | Depths:3 | Found a glowing silver altar of Zin.
 41825 | Depths:3 | Identified the +8 hand crossbow "Wuant" {freeze, rN++ MR-
                  | Str+3 Stlth+}
 41851 | Depths:3 | Received a gift from Okawaru
 41880 | Depths:3 | Identified the Reference Book on the Snowflakes and
                  | Malediction
 41900 | Depths:3 | Noticed Bai Suzhen
 41930 | Depths:3 | Killed Bai Suzhen
 42061 | Depths:3 | Found a gateway to a ziggurat.
 42077 | Zig:1    | Entered Level 1 of a ziggurat
 42103 | Zig:2    | Entered Level 2 of a ziggurat
 42130 | Zig:3    | Entered Level 3 of a ziggurat
 42133 | Zig:3    | Noticed a shard shrike
 42138 | Zig:3    | Killed a shard shrike
 42158 | Zig:4    | Entered Level 4 of a ziggurat
 42191 | Zig:4    | Reached skill level 1 in Maces & Flails
 42191 | Zig:4    | Reached skill level 5 in Evocations
 42191 | Zig:4    | Reached XP level 26. HP: 292/292 MP: 31/31
 42195 | Zig:4    | Got a flickering amber ring
 42200 | Zig:4    | Identified the ring of Contentment {rCorr rC++ Str-3 Int+7}
                  | (You found it on level 4 of a ziggurat)
 42204 | Zig:5    | Entered Level 5 of a ziggurat
 42256 | Zig:5    | Identified the amulet "Alutt" {+Rage rPois Dex+2} (You
                  | found it on level 5 of a ziggurat)
 42439 | Zig:6    | Entered Level 6 of a ziggurat
 42453 | Zig:6    | Gained mutation: Your magical capacity is extremely low.
                  | (-30% MP) [a neqoxec]
 42506 | Zig:6    | Paralysed by accursed screaming for 2 turns
 42704 | Zig:7    | Entered Level 7 of a ziggurat
 42760 | Zig:7    | Identified the Collected Works on the Snowflakes and Venom
 43032 | Zig:8    | Entered Level 8 of a ziggurat
 43098 | Zig:9    | Entered Level 9 of a ziggurat
 43118 | Zig:9    | Received a gift from Okawaru
 43161 | Zig:9    | Identified the +4 hunting sling of Tuhitzeptu {flame,
                  | *Corrode rN+ MR+} (You found it on level 9 of a ziggurat)
 43303 | Zig:10   | Entered Level 10 of a ziggurat
 43315 | Zig:10   | Learned a level 3 spell: Regeneration
 43320 | Zig:10   | Found the +3 robe of Clouds {+Thunder rCloud rElec}
 43332 | Zig:10   | Reached skill level 1 in Summonings
 43349 | Zig:10   | Reached skill level 1 in Charms
 43349 | Zig:10   | Reached skill level 1 in Necromancy
 43349 | Zig:10   | Reached XP level 27. HP: 258/300 MP: 14/28
 43443 | Zig:11   | Entered Level 11 of a ziggurat
 43523 | Zig:11   | Identified the amulet of Henotheism {RegenMP +Inv Dex+4}
                  | (You found it on level 11 of a ziggurat)
 43529 | Zig:11   | Identified the +15 plate armour of the Stars {rF++} (You
                  | found it on level 11 of a ziggurat)
 43581 | Zig:12   | Entered Level 12 of a ziggurat
 43628 | Zig:12   | Noticed an ancient lich
 43637 | Zig:12   | Killed an ancient lich
 43637 | Zig:12   | Received a gift from Okawaru
 43641 | Zig:12   | Received a gift from Okawaru
 43968 | Zig:13   | Entered Level 13 of a ziggurat
 43981 | Zig:13   | Noticed an orb of fire
 43997 | Zig:13   | Killed an orb of fire
 44011 | Zig:13   | Received a gift from Okawaru
 44088 | Zig:13   | Identified the Reference Book on Lucky Poisoning
 44286 | Zig:14   | Entered Level 14 of a ziggurat
 44375 | Zig:14   | Received a gift from Okawaru
 44471 | Zig:14   | Got a smoking amber ring
 44473 | Zig:14   | Identified the ring "Kyimi" {rC+ rN+ SInv} (You found it on
                  | level 14 of a ziggurat)
 44550 | Zig:15   | Entered Level 15 of a ziggurat
 44690 | Zig:15   | Identified the Volume of Stones and Envenoming
 44692 | Zig:15   | Identified Huggid's Tome of Bewitching Contamination
 44761 | Zig:15   | Got an ichor-stained shield
 44772 | Zig:15   | Identified the +0 shield "Odghouqu" {rN+} (You acquired it
                  | on level 15 of a ziggurat)
 44807 | Zig:16   | Entered Level 16 of a ziggurat
 44832 | Zig:16   | Noticed a greater mummy
 44840 | Zig:16   | Noticed a greater mummy
 44853 | Zig:16   | Killed a greater mummy
 44855 | Zig:16   | HP: 12/299 [poisoned by an ushabti (dark miasma)]
 44857 | Zig:16   | Engulfed by an ushabti's foul pestilence

Skill      XL: |  1  2  3  4  5  6  7  8  9 10 11 12 13 14 15 16 17 18 19 20 21 22 23 24 25 26 27 |
---------------+----------------------------------------------------------------------------------+-----
Shields        | 4 5 6 7 9 10 11 13 14 15 16 18 20 21 22 24 25 | 25.0
Fighting       | 4 5 6 7 8 9 10 12 13 14 15 17 18 20 21 23 24 27 | 27.0
Axes           | 3 4 5 6 7 9 10 12 13 14 16 17 | 17.3
Armour         | 4 5 6 8 10 11 12 13 14 15 16 17 21 23 24 | 24.0
Dodging        | 1 2 3 4 5 6 7 8 9 10 12 13 | 13.1
Stealth        | 1 2 3 4 5 7 8 9 |  9.5
Evocations     | 1 2 3 4 5 |  5.3
Invocations    | 1 2 3 4 7 8 9 10 11 12 | 12.7
Throwing       | 1 2 4 5 7 |  7.1
Polearms       | 4 5 6 8 |  8.7
Spellcasting   | 1 4 5 6 7 |  7.7
Maces & Flails | 1 2 |  2.3
Summonings     | 2 4 |  4.9
Charms         | 1 4 |  4.3
Necromancy     | 1 4 |  4.8
Translocations | |  0.9

Action                   |  1- 3 |  4- 6 |  7- 9 | 10-12 | 13-15 | 16-18 | 19-21 | 22-24 | 25-27 || total
-------------------------+-------+-------+-------+-------+-------+-------+-------+-------+-------++-------
Melee: War axe           |    47 |   151 |   164 |    20 |   270 |       |       |       |       ||   652
       Headbutt          |     2 |    25 |    55 |   122 |   170 |   321 |   415 |   403 |   236 ||  1749
       Hand axe          |       |       |   133 |   444 |       |       |       |       |       ||   577
       Demon trident     |       |       |       |    54 |   390 |  1064 |   406 |   210 |   176 ||  2300
       Broad axe         |       |       |       |       |    69 |   260 |   927 |   944 |   502 ||  2702
Throw: Tomahawk          |       |       |       |     3 |       |       |       |       |       ||     3
       Javelin           |       |       |       |       |    13 |    50 |    15 |       |    17 ||    95
       Throwing net      |       |       |       |       |       |     3 |       |       |       ||     3
 Cast: Regeneration      |       |       |       |       |       |       |       |       |     2 ||     2
Invok: Heroism           |       |       |       |    10 |    17 |     6 |     7 |     8 |    14 ||    62
       Finesse           |       |       |       |       |     4 |       |     4 |     5 |    12 ||    25
 Abil: Evoke Invisibilit |       |     1 |       |     2 |       |       |       |       |       ||     3
       Evoke Flight      |       |       |       |       |    12 |     9 |     2 |       |     1 ||    24
       Stop Flying       |       |       |       |       |       |     1 |       |       |       ||     1
Evoke: Wand              |       |       |     5 |     3 |       |       |     2 |       |       ||    10
  Use: Scroll            |     5 |     1 |     5 |     3 |    14 |    12 |    27 |    13 |    20 ||   100
       Potion            |       |       |       |       |     3 |       |     6 |     1 |    14 ||    24
 Stab: Invisible         |       |     3 |       |       |       |       |       |       |       ||     3
       Distracted        |       |       |       |       |     1 |     1 |       |     2 |       ||     4
       Held in net/web   |       |       |       |       |       |     1 |       |       |       ||     1
       Sleeping          |       |       |       |       |       |       |     2 |     4 |       ||     6
  Eat: Ration            |       |     1 |     1 |     4 |     8 |    13 |     8 |     6 |     5 ||    46
       Chunk             |       |     1 |     8 |    14 |     6 |     2 |     7 |     8 |     3 ||    49
Armor: Chain mail        |    25 |    92 |   107 |   124 |    21 |   202 |   190 |   109 |       ||   870
       Scale mail        |     3 |       |       |       |       |       |       |       |       ||     3
       Plate armour      |       |       |       |       |   198 |    47 |    81 |    80 |   159 ||   565
Dodge: Dodged            |    14 |    32 |    61 |    87 |   199 |   199 |   286 |   228 |   223 ||  1329
Block: Shield            |    23 |   128 |   211 |   298 |   482 |       |   846 |   389 |       ||  2377
       Reflection        |       |     9 |     7 |    22 |    49 |   170 |   137 |    67 |   104 ||   565
       Large shield      |       |       |       |       |    51 |  1260 |   104 |   580 |   874 ||  2869
